 Dungeon Sprint DCSS version 0.31-a0-731-ga75f04deac (webtiles) character file.

Game seed: 13045023165377382150

182 Conn the Firebug (level 5, -1/31 (32) HPs)
             Began as an Octopode Fire Elementalist on Sept 12, 2023.
             Slain by a necrophage (8 damage)
             ... in the Dungeon (Sprint II: "The Violet Keep of Menkaure").
             The game lasted 00:00:54 (37 turns).

Conn the Firebug (Octopode Fire Elementalist)         Turns: 37, Time: 00:00:55

HP:   -1/31 (32)    AC:  1    Str:  7    XL:     5   Next: 62%
MP:   2/13          EV: 14    Int: 20    God:
Gold: 0             SH:  0    Dex: 12    Spells: 14/15 levels left

rFire   . . .        (no weapon)
rCold   . . .        (no shield)
rNeg    . . .        (helmet restricted)
rPois   .            (no amulet)
rElec   .            (no ring)
rCorr   .            (no ring)
SInv    .            (no ring)
Will    .....        (no ring)
Stlth   ++++         (no ring)
HPRegen 0.25/turn    (no ring)
MPRegen 0.13/turn    (no ring)
                     (no ring)

%: no teleportation
@: on berserk cooldown, hasted and slowed, lightly drained
A: almost no armour, amphibious, 8 rings, camouflage 1, gelatinous body 1,
(nimble swimmer 1), tentacles
a: no special abilities


You were in the Dungeon.
You visited 1 branch

Inventory:

Scrolls
 f - a scroll of blinking
Potions
 a - 3 potions of magic


   Skills:
 + Level 0.5 Fighting
 + Level 3.8 Dodging
 + Level 4.9 Stealth
 * Level 5.6 Spellcasting
 * Level 4.4 Conjurations
 + Level 7.4 Fire Magic


You had 14 spell levels left.
You knew the following spells:

 Your Spells              Type           Power      Damage    Failure   Level
a - Foxfire               Conj/Fire      100%       2x1d9     1%          1

Your spell library contained the following spells:

 Spells                   Type           Power      Damage    Failure   Level
 Scorch                   Fire           70%        2d7       1%          2
 Inner Flame              Hex/Fire       20%        N/A       7%          3
 Volatile Blastmotes      Fire/Tloc      40%        2d13      7%          3
 Flame Wave               Conj/Fire      29%        2d9       10%         4


Dungeon Overview and Level Annotations

Branches:
Dungeon (1/1)

Altars:


Innate Abilities, Weirdness & Mutations

You cannot wear most types of armour.
You are amphibious.
You can wear up to eight rings at the same time.
Your skin changes colour to match your surroundings (Stealth+).
Your rubbery body absorbs attacks. (AC +1, EV +1)
((You are camouflaged when in or above water. (Stealth+)))
You have tentacles for arms and can constrict up to eight enemies at once.


Message History

Unknown command.
You tentacle-slap the necrophage.
The necrophage is severely damaged.
You constrict the necrophage.
The foxfire hits the necrophage.
The necrophage is almost destroyed.
The foxfire hits the necrophage.
The necrophage is moderately damaged.
The necrophage hits you.
* * * LOW HITPOINT WARNING * * *
The necrophage hits you but does no damage.
Unknown command.
Unknown command.
You tentacle-slap the necrophage but do no damage.
You squeeze the necrophage.
You destroy the necrophage!
The necrophage misses you.
Your life force feels restored.
Your Conjurations skill increases to level 4!
Your Fire Magic skill increases to level 7!
Unknown command.
You feel better. The necrophage misses you.
Casting: Foxfire (safe; 1% risk of failure)
Confirm with . or Enter, or press ? or * to list all spells.
You conjure some foxfire!
The necrophage hits you.
Unknown command.
You closely miss the necrophage. Your grab misses the necrophage.
The necrophage is moderately damaged.
The foxfire hits the necrophage but does no damage.
The necrophage is moderately damaged.
The foxfire hits the necrophage.
The necrophage is moderately damaged.
The necrophage hits you.
* * * LOW HITPOINT WARNING * * *
You feel drained.
* * * LOW HITPOINT WARNING * * *
Unknown command.
Casting: Foxfire (safe; 1% risk of failure)
Confirm with . or Enter, or press ? or * to list all spells.
You conjure some foxfire!
The necrophage hits you!
You die...

## ## l# #l #
.#. # ##. #+#
.##
#.m.##v##...#
#$+v@n†#
#...##.##...#
##. #+# .## #
#


You could see a necrophage (ally target).

Vanquished Creatures
  3 necrophages (D)
3 creatures vanquished.

Vanquished Creatures (others)
  8 foxfires (D)
8 creatures vanquished.

Grand Total: 11 creatures vanquished

Notes
Turn   | Place    | Note
-------+----------+-------------------------------------------
     0 | D        | Conn the Octopode Fire Elementalist began the quest for the
                  | Orb.
     0 | D        | Reached XP level 1. HP: 11/11 MP: 3/3
     1 | D        | Noticed a merfolk siren
     4 | D        | Noticed a wyvern
     4 | D        | Noticed a wyvern
     7 | D        | Noticed a necrophage
     7 | D        | Noticed a necrophage
     7 | D        | Noticed a necrophage
     7 | D        | Noticed a necrophage
    15 | D        | Killed a necrophage
    16 | D        | Reached skill level 5 in Fire Magic
    16 | D        | Reached XP level 2. HP: 9/17 MP: 4/7
    16 | D        | Reached XP level 3. HP: 12/21 MP: 4/8
    16 | D        | Reached XP level 4. HP: 15/27 MP: 5/10
    22 | D        | Killed a necrophage
    23 | D        | Reached skill level 5 in Spellcasting
    23 | D        | Reached skill level 6 in Fire Magic
    23 | D        | Reached XP level 5. HP: 13/31 MP: 5/12
    34 | D        | Reached skill level 7 in Fire Magic
    37 | D        | Slain by a necrophage

Illustrated notes

Levels and vault maps discovered:
D:        the_violet_keep_of_menkaure [sprint2_stairs_cluster_1,
          sprint2_shoproom, sprint2_temple, sprint2_basic_supplies,
          sprint2_obstacle_4, sprint2_obstacle_1, sprint2_obstacle_3,
          sprint2_obstacle_7, sprint2_obstacle_2, sprint2_timed_cluster_1,
          sprint2_smallroom_cluster_1, sprint2_smallroom_final_cluster_1,
          sprint2_transparent_cluster_1, sprint2_second_timed_cluster_1,
          sprint2_sniper_area_1, sprint2_heavy_combat_area_1,
          sprint2_mutation_trap_area_1, sprint2_forest_area_1,
          sprint2_light_combat_area_1, sprint2_behind_water_1,
          sprint2_near_end_vault_1]

Skill      XL: |  1  2  3  4  5 |
---------------+----------------+-----
Dodging        | 3 |  3.8
Stealth        | 3 4 |  4.9
Spellcasting   | 4 5 |  5.6
Conjurations   | 3 4 |  4.4
Fire Magic     | 5 6 7 |  7.4
Fighting       | |  0.5

Action                     |  1- 3 |  4- 6 || total
---------------------------+-------+-------++-------
  Melee: Unarmed           |     7 |    12 ||    19
         Tentacles         |     1 |     2 ||     3
         Constrict         |       |     2 ||     2
         Punch             |       |     1 ||     1
   Cast: Foxfire           |       |     5 ||     5
    Use: Potion            |     1 |     3 ||     4
 Armour: Skin              |     2 |    11 ||    13
  Dodge: Dodged            |     2 |    15 ||    17

Table legend: (Time is in decaauts)
 A = Elapsed time spent in this place.
 B = Non-inter-level travel time spent in this place.
 C = Inter-level travel time spent in this place.
 D = Time resting spent in this place.
 E = Time spent auto-exploring this place.
 F = Levels seen in this place.
 G = Mean time per level.
                   A        B        C        D        E       F      G
               +--------+--------+--------+--------+--------+-----+--------+
         Total |     34 |     34 |      0 |      0 |      0 |   1 |   34.0 |
       Dungeon |     34 |     34 |      0 |      0 |      0 |   1 |   34.0 |
               +--------+--------+--------+--------+--------+-----+--------+

Top non-repeatable levels by time:
       D: 34 daAuts
